 Dungeon Crawl Stone Soup version 0.20.1-1-g8b1a95d (webtiles) character file.

134 empire the Shield-Bearer (level 4, -7/40 HPs)
             Began as a Minotaur Fighter on Nov 9, 2017.
             Killed by divine providence
             ... invoked by an orc priest
              (16 damage)
             ... on level 3 of the Dungeon.
             The game lasted 00:02:34 (2246 turns).

empire the Shield-Bearer (Minotaur Fighter)         Turns: 2246, Time: 00:02:35

Health: -7/40      AC:  6    Str: 20    XL:     4   Next: 95%
Magic:  3/3        EV:  7    Int:  5    God:
Gold:   156        SH:  9    Dex: 11    Spells: 3/3 levels left

rFire    . . .     SeeInvis .   a - +0 long sword
rCold    . . .     Gourm    .   c - +0 shield
rNeg     . . .     Faith    .   b - +0 scale mail
rPois    .         Spirit   .   (helmet restricted)
rElec    .         Reflect  .   (no cloak)
rCorr    .         Harm     .   (no gloves)
MR       .....                  (no boots)
Stlth    ..........             (no amulet)
Regen    0.2/turn               (no ring)
MPRegen  0.1/turn               (no ring)

@: heavily drained
A: retaliatory headbutt, horns 2
a: no special abilities


You were on level 3 of the Dungeon.
You were not hungry.

You visited 1 branch of the dungeon, and saw 3 of its levels.

You collected 156 gold pieces.

Inventory:

Hand Weapons
 a - a +0 long sword (weapon)
Armour
 b - a +0 scale mail (worn)
 c - a +0 shield (worn)
Scrolls
 h - a scroll of remove curse {unknown}
 i - 3 scrolls of identify {unknown}
 j - a scroll of enchant weapon {unknown}
 l - a scroll of fog {unknown}
Potions
 d - a potion of might
 e - a potion of mutation {unknown}
 k - a potion of lignification {unknown}
 m - a potion of heal wounds {unknown}
Comestibles
 f - 3 bread rations
 g - 2 meat rations


   Skills:
 + Level 4.2(2.5) Fighting
 * Level 4.2(2.5) Long Blades
 + Level 3.9(2.2) Armour
 + Level 1.9(0.3) Dodging
 + Level 4.5(2.8) Shields


You had 3 spell levels left.
You didn't know any spells.

Dungeon Overview and Level Annotations

Branches:
Dungeon (3/15)

Altars:
Qazlal
Vehumet


Innate Abilities, Weirdness & Mutations

You reflexively headbutt those who attack you in melee.
You have a pair of horns on your head.


Message History

The orc wizard is lightly wounded.
You block the orc wizard's attack. The orc hits you.
The orc priest mumbles some strange prayers to Beogh against you.
Beogh smites you!
You closely miss the orc wizard.
The orc wizard is lightly wounded.
The orc barely misses you. You block the orc wizard's attack.
You slash the orc wizard!
You headbutt the orc wizard, but do no damage.
The orc wizard is severely wounded.
The orc hits you. The orc wizard hits you with a dagger.
You block the orc's attack.
The orc wizard gestures wildly while chanting.
The orc wizard blinks!
The orc priest invokes the aid of Beogh against you.
Beogh smites you!
* * * LOW HITPOINT WARNING * * *
The orc priest calls down the wrath of Beogh upon you.
Beogh smites you!
You die...

#..#
##..###.#
...# ##..##.#
#..# ##....#
..# ##...# .#
##..# ## #..#
#.# ##..#
#..###...#
#oo.o@#.#
#.....#####.#
####.# #.#
#.. .# ... .#
.... .# .###


You could see an orc priest, an orc wizard and an orc.

Vanquished Creatures
  A centaur (D:3)
  2 adders
  2 worms (D:2)
  2 leopard geckos (D:2)
  2 giant cockroaches
  3 hobgoblins
  A frilled lizard (D:2)
  2 goblins (D:1)
  12 kobolds
  6 rats
  2 plants (D:2)
35 creatures vanquished.

Notes
Turn   | Place    | Note
-------+----------+-------------------------------------------
     0 | D:1      | empire the Minotaur Fighter began the quest for the Orb.
     0 | D:1      | Reached XP level 1. HP: 19/19 MP: 0/0
   834 | D:2      | Reached XP level 2. HP: 27/27 MP: 1/1
  1157 | D:2      | Reached skill level 1 in Dodging
  1157 | D:2      | Reached XP level 3. HP: 28/33 MP: 2/2
  2010 | D:3      | Noticed a centaur
  2019 | D:3      | Killed a centaur
  2019 | D:3      | Reached XP level 4. HP: 32/40 MP: 3/3
  2196 | D:3      | Found a stormy altar of Qazlal.
  2209 | D:3      | Found a radiant altar of Vehumet.
  2246 | D:3      | Killed from afar by an orc priest

Skill      XL: |  1  2  3 |
---------------+----------+-----
Long Blades    | 3 4 |  4.2
Shields        | 4 |  4.5
Dodging        | 1 |  1.9
Fighting       | 4 |  4.2
Armour         | |  3.9

Action                   |  1- 3 |  4- 6 || total
-------------------------+-------+-------++-------
Melee: Long sword        |   118 |    18 ||   136
       Headbutt          |    23 |     3 ||    26
  Eat: Chunk             |     3 |     1 ||     4
Armor: Scale mail        |    32 |     6 ||    38
Dodge: Dodged            |    31 |     8 ||    39
Block: Shield            |    33 |    10 ||    43
       Rpst.: Long sword |     5 |       ||     5
